 Dungeon Crawl Stone Soup version 0.31-a0-195-g7586a6f1e9 (webtiles) character file.

Game seed: 3907000882552732280

84 qw the Shooter (level 4, -5/25 HPs)
             Began as a Deep Elf Hunter on June 24, 2023.
             Slain by a goblin
             ... wielding a +0 club
             ... led by Robin
              (6 damage)
             ... on level 3 of the Dungeon.
             The game lasted 00:00:34 (2009 turns).

qw the Shooter (Deep Elf Hunter)                    Turns: 2009, Time: 00:00:35

Health: -5/25      AC:  6    Str: 10    XL:     4   Next: 24%
Magic:  6/6        EV:  9    Int: 14    God:
Gold:   156        SH:  0    Dex: 18    Spells: 3/3 levels left

rFire   . . .        Y - +0 shortbow
rCold   . . .        (shield currently unavailable)
rNeg    . . .        l - +0 scale mail
rPois   .            (no helmet)
rElec   .            (no cloak)
rCorr   .            (no gloves)
SInv    +            (no boots)
Will    +....        (no amulet)
Stlth   +            e - ring of see invisible
HPRegen 0.24/turn    n - ring of willpower
MPRegen 0.10/turn

%: no passive effects
@: no status effects
A: no striking features
a: no special abilities


You were on level 3 of the Dungeon.
You visited 1 branch of the dungeon, and saw 3 of its levels.

You collected 156 gold pieces.


   Skills:
 - Level 1.5 Fighting
 + Level 7.7 Ranged Weapons
 - Level 2.4 Dodging
 - Level 1.2 Stealth


You had 3 spell levels left.
You didn't know any spells.
Your spell library was empty.

Inventory:

Hand Weapons
 Y - a +0 shortbow (weapon)
Armour
 l - a +0 scale mail (worn)
Jewellery
 e - a ring of see invisible (left hand)
 n - a ring of willpower (right hand)
Potions
 d - a potion of brilliance {unknown}
 g - a potion of enlightenment {unknown}
 h - a potion of might {unknown}
 i - a potion of curing {unknown}
 o - a potion of cancellation {unknown}

Dungeon Overview and Level Annotations

Branches:
Dungeon (3/15)

Altars:
Qazlal

Annotations:
D:3 Robin


Message History

The goblin closely misses you. The goblin hits you with a +0 dagger.
2001 ||| Stepping ~*~*~tactically~*~*~ (outnumbered).
The goblin attacks as you move away! The goblin closely misses you.
You shoot an arrow. The arrow hits the goblin.
You kill the goblin!
The goblin hits you with a +0 dagger.
You shoot an arrow.
The arrow closely misses the ball python.
The ball python bites you but does no damage.
The ball python grabs you. The ball python constricts you.
The goblin hits you but does no damage.
The ball python bites you but does no damage.
The ball python constricts you. The goblin hits you with a +0 dagger.
You shoot an arrow.
The arrow barely misses the ball python.
The ball python bites you but does no damage.
The ball python constricts you. The goblin completely misses you.
The ball python barely misses you. The ball python constricts you.
You shoot an arrow. The arrow hits the ball python.
You kill the ball python!
The goblin hits you but does no damage.
You shoot an arrow. The arrow barely misses Robin.
Robin hits you but does no damage. The goblin hits you but does no damage.
The goblin closely misses you.
Robin roars a battlecry!
The hobgoblin goes into a battle-frenzy!
The goblin barely misses you. The goblin closely misses you.
You hear a shout!
You shoot an arrow.
The arrow hits Robin but does no damage.
You hear an angry hiss.
Robin hits you with a +4 club!
The goblin hits you but does no damage. x2
You shoot an arrow. The arrow hits Robin.
Robin is moderately wounded.
Robin hits you with a +4 club!
The goblin hits you but does no damage. x2
You shoot an arrow. The arrow barely misses Robin.
Robin throws the goblin at you! The goblin hits you but does no damage.
A goblin comes into view. It is wielding a +0 dagger.
The goblin hits you with a +0 club.
You die...

.....#########........
####......# #.......%
#####.####.....>..
#......>.......... .
#......###........ g.
#......# #.........g
#......# ###g####.##.
####.### #g##.g.g..
#.### ###@#).~~~..
#...# #.gggg.~[~..
#.#.###.##g#.~~~..
#.......##.# .....
.......##..###.# ####
..####.###.# #.. #.#
#.# ##. #.# #.# .# #.#
#.# .#


You could see Robin, a hobgoblin (strong) and 5 goblins.

Vanquished Creatures
  3 adders (D:2)
  A gnoll (D:1)
  3 endoplasms
  A giant cockroach (D:1)
  7 goblins
  4 hobgoblins
  A quokka (D:3)
  6 ball pythons
  7 bats
  5 frilled lizards
  5 kobolds
  2 rats (D:1)
45 creatures vanquished.

Notes
Turn   | Place    | Note
-------+----------+-------------------------------------------
     0 | D:1      | qw the Deep Elf Hunter began the quest for the Orb.
     0 | D:1      | Reached XP level 1. HP: 12/12 MP: 3/3
     0 | D:1      | 0 ||| qw: Version: 0.3-a-9-g12657ce
     0 | D:1      | 0 ||| qw: Game counter: 4749
     0 | D:1      | 0 ||| qw: Always use a shield: true
     0 | D:1      | 0 ||| qw: God list: Okawaru
     0 | D:1      | 0 ||| qw: Allow faded altars: false
     0 | D:1      | 0 ||| qw: Do Orc after D:15 true
     0 | D:1      | 0 ||| qw: Do second Lair branch before Depths: true
     0 | D:1      | 0 ||| qw: Lair rune preference: random
     0 | D:1      | 0 ||| qw: Plans: Normal
     0 | D:1      | 0 ||| PLANNING D:1-11
   310 | D:1      | Reached skill level 6 in Ranged Weapons
   310 | D:1      | Reached XP level 2. HP: 16/16 MP: 4/4
   791 | D:1      | Reached XP level 3. HP: 20/20 MP: 5/5
   938 | D:1      | 938 ||| UPGRADING to ring of see invisible.
   939 | D:1      | 939 ||| DROPPING ring of flight.
   940 | D:1      | 940 ||| READING scroll labelled FOUZOEMM XAAPN.
   941 | D:1      | 941 ||| READING scroll labelled ITAODERGH SOULO.
   942 | D:1      | 942 ||| DROPPING scroll of butterflies.
  1007 | D:2      | Reached skill level 7 in Ranged Weapons
  1038 | D:2      | Reached XP level 4. HP: 9/25 MP: 6/6
  1145 | D:2      | Found a stormy altar of Qazlal.
  1758 | D:2      | 1758 ||| UPGRADING to +0 scale mail.
  1768 | D:2      | 1768 ||| DROPPING +0 leather armour.
  1769 | D:2      | 1769 ||| UPGRADING to ring of willpower.
  1770 | D:2      | 1770 ||| READING scroll labelled ZIOPTO MOCA.
  1871 | D:2      | 1871 ||| READING scroll labelled BUNKIV GOUWN.
  1872 | D:2      | 1872 ||| READING scroll labelled QUXUACL AVINOEKHA.
  1877 | D:2      | 1877 ||| READING scroll labelled ZASOACHUOC.
  1878 | D:2      | 1878 ||| READING scroll labelled BUWAOCL NEIH.
  1879 | D:2      | 1879 ||| DRINKING 2 murky amethyst potions.
  1880 | D:2      | 1880 ||| DROPPING potion of invisibility.
  1997 | D:3      | Noticed Robin
  2001 | D:3      | 2001 ||| Stepping ~*~*~tactically~*~*~ (outnumbered).
  2008 | D:3      | HP: 2/25 [Robin/+4 club (7)]
  2009 | D:3      | Slain by a goblin

Levels and vault maps discovered:
D:1:      dpeg_arrival_fog, layout_loops_corners, minmay_liquid_box
D:2:      layout_loops_ring, basic_altar, minmay_circled_x
D:3:      layout_rooms, ebering_ecumenical_altar_ruins,
          corexii_item_surrounded_by_moat, uniq_robin

Skill      XL: |  1  2  3 |
---------------+----------+-----
Ranged Weapons | 6 7 |  7.7
Fighting       | |  1.5
Dodging        | |  2.4
Stealth        | |  1.2

Action                     |  1- 3 |  4- 6 || total
---------------------------+-------+-------++-------
   Fire: Shortbow          |    79 |    35 ||   114
    Use: Scroll            |     2 |     5 ||     7
         Potion            |       |     1 ||     1
 Armour: Leather armour    |    15 |       ||    15
         Scale mail        |       |    17 ||    17
  Dodge: Dodged            |    28 |    11 ||    39

Table legend:
 A = Non-vault XP
 B = Vault XP
 C = Vault XP percentage of total XP
 D = Non-vault monster count
 E = Vault monster count
 F = Vault count percentage of total count
                 A         B        C        D         E       F
            +---------+---------+-------+---------+---------+-------
      Total |      87 |      34 |  28.1 |      39 |       6 |  13.3
            +---------+---------+-------+---------+---------+-------
        D:1 |      48 |       0 |   0.0 |      23 |       0 |   0.0
        D:2 |      28 |      30 |  51.7 |       9 |       4 |  30.8
        D:3 |      11 |       4 |  26.7 |       7 |       2 |  22.2
            +---------+---------+-------+---------+---------+-------
